 Dungeon Crawl Stone Soup version 0.31-a0-246-g8cbcc1cb85 (webtiles) character file.

Game seed: 13480339752604112362

81 qw the Shooter (level 4, -8/36 HPs)
             Began as a Minotaur Hexslinger on July 12, 2023.
             Mangled by Sigmund
             ... wielding a +3 scythe of venom
              (11 damage)
             ... on level 2 of the Dungeon.
             The game lasted 00:00:32 (1051 turns).

qw the Shooter (Minotaur Hexslinger)                Turns: 1051, Time: 00:00:32

Health: -8/36      AC:  2    Str: 12    XL:     4   Next: 19%
Magic:  4/4        EV: 12    Int: 10    God:
Gold:   74         SH:  0    Dex: 15    Spells: 4/5 levels left

rFire   . . .        Y - +1 sling (elec)
rCold   . . .        (no shield)
rNeg    . . .        c - +0 robe
rPois   .            (helmet restricted)
rElec   .            (no cloak)
rCorr   .            (no gloves)
SInv    .            (no boots)
Will    .....        (no amulet)
Stlth   +            (no ring)
HPRegen 0.26/turn    (no ring)
MPRegen 0.09/turn

%: no passive effects
@: lethally poisoned (-8 -> -11)
A: horns 2, retaliatory headbutt
a: no special abilities


You were on level 2 of the Dungeon.
You visited 1 branch of the dungeon, and saw 2 of its levels.

You collected 74 gold pieces.


Innate Abilities, Weirdness & Mutations

You have a pair of horns on your head.
You reflexively headbutt those who attack you in melee.


   Skills:
 - Level 2.0 Fighting
 + Level 4.7 Ranged Weapons
 - Level 2.1 Dodging
 - Level 1.0 Spellcasting
 - Level 2.0 Hexes


You had 4 spell levels left.
You knew the following spells:

 Your Spells              Type           Power      Damage    Failure   Level
a - Slow                  Hex            16%        N/A       16%         1

Your spell library contained the following spells:

 Spells                   Type           Power      Damage    Failure   Level
 Inner Flame              Hex/Fire       2%         N/A       56%         3
 Portal Projectile        Hex/Tloc       4%         N/A       56%         3
 Cause Fear               Hex            2%         N/A       83%         4

Inventory:

Hand Weapons
 Y - a +1 sling of electrocution (weapon)
Armour
 c - a +0 robe (worn)
Scrolls
 a - a scroll of identify
 b - a scroll of amnesia {unknown}
 f - 3 scrolls of torment {unknown}
Potions
 d - a potion of brilliance {unknown}
 e - a potion of heal wounds {unknown}
 g - a potion of might {unknown}
 h - a potion of attraction {unknown}

Dungeon Overview and Level Annotations

Branches:
Dungeon (2/15)

Altars:

Annotations:
D:2 Sigmund


Message History

You shoot a sling bullet.
The sling bullet closely misses Sigmund.
The sling bullet hits the dart slug!
The dart slug is severely wounded.
Sigmund closely misses you.
You shoot a sling bullet.
The sling bullet closely misses Sigmund.
The sling bullet hits the dart slug but does no damage.
The dart slug is severely wounded.
Sigmund hits you from afar with a +3 scythe of venom!
You are poisoned.
You shoot a sling bullet.
The sling bullet closely misses Sigmund.
The sling bullet hits the dart slug.
You kill the dart slug!
You feel sick.
Sigmund hits you from afar with a +3 scythe of venom!
You are more poisoned.
You shoot a sling bullet.
The sling bullet hits Sigmund but does no damage.
Sigmund is lightly wounded.
You feel very sick.
Sigmund points at you and mumbles some strange words.
The puff of flame hits you.
You shoot a sling bullet. The sling bullet hits Sigmund.
Sigmund is lightly wounded.
You feel very sick. Sigmund closely misses you.
You shoot a sling bullet.
The sling bullet hits Sigmund but does no damage.
Sigmund is lightly wounded.
You feel sick.
You shoot a sling bullet.
The sling bullet hits Sigmund but does no damage.
Sigmund is lightly wounded.
You feel sick. Sigmund gestures at you while chanting.
You resist with some effort.
Sigmund hits you from afar with a +3 scythe of venom!
You die...

#.# #.# #... #.#
######.####...
#.###.............
#.....####.#######
####..#### #.#
#....## #.# #.##.#
#.#
#######.##.########>#
#.......#>@.@.%......
#.#######.#########.#
#.# #.# #.##
#.#######.# #...
#.#.......# ###.
#.#.####..# #.
#.#.##....####). ....
#.#.##.......... ####
#.#.##...#####.#


You could see Sigmund.

Vanquished Creatures
  Terence (D:2)
  An adder (D:2)
  A worm (D:2)
  3 dart slugs (D:2)
  6 ball pythons
  2 bats (D:1)
  5 endoplasms (D:1)
  A giant cockroach (D:2)
  2 goblins (D:1)
  4 hobgoblins
  3 quokkas
  A frilled lizard (D:1)
  5 kobolds
  A rat (D:1)
36 creatures vanquished.

Notes
Turn   | Place    | Note
-------+----------+-------------------------------------------
     0 | D:1      | qw the Minotaur Hexslinger began the quest for the Orb.
     0 | D:1      | Reached XP level 1. HP: 16/16 MP: 1/1
     0 | D:1      | 0 ||| qw: Version: 0.3-a-52-g30416fa
     0 | D:1      | 0 ||| qw: Game counter: 6437
     0 | D:1      | 0 ||| qw: Melee chars always use a shield: true
     0 | D:1      | 0 ||| qw: God list: Okawaru
     0 | D:1      | 0 ||| qw: Allow faded altars: false
     0 | D:1      | 0 ||| qw: Do Orc after clearing Dungeon:15 true
     0 | D:1      | 0 ||| qw: Do second Lair branch before Depths: true
     0 | D:1      | 0 ||| qw: Lair rune preference: random
     0 | D:1      | 0 ||| qw: Goals: Normal
     0 | D:1      | 0 ||| PLANNING D:1-11
   198 | D:1      | Reached skill level 3 in Ranged Weapons
   208 | D:1      | Reached XP level 2. HP: 23/23 MP: 2/2
   744 | D:1      | 744 ||| READING scroll labelled SUPLAO FUATICI.
   745 | D:1      | 745 ||| READING scroll labelled HAYV UPEEGH.
   748 | D:1      | 748 ||| READING scroll labelled UZXEMA MIFFI.
   749 | D:1      | 749 ||| DROPPING scroll of poison.
   821 | D:2      | Reached XP level 3. HP: 25/29 MP: 3/3
   873 | D:2      | 873 ||| FLEEEEING.
   874 | D:2      | 874 ||| FLEEEEING.
   891 | D:2      | Reached skill level 4 in Ranged Weapons
   911 | D:2      | Noticed Terence
   915 | D:2      | Killed Terence
   916 | D:2      | Reached XP level 4. HP: 36/36 MP: 4/4
  1039 | D:2      | Noticed Sigmund
  1048 | D:2      | HP: 9/36 [Sigmund/puff of flame (5)]
  1051 | D:2      | HP: 3/36 [poisoned by Sigmund]
  1051 | D:2      | Mangled by Sigmund

Levels and vault maps discovered:
D:1:      sevenhm_arrival_forest_fort_large_2, layout_loops_ring,
          minmay_tromino_i4
D:2:      layout_basic, kennysheep_generic_room_9, uniq_terence, uniq_sigmund

Skill      XL: |  1  2  3 |
---------------+----------+-----
Ranged Weapons | 3 4 |  4.7
Fighting       | 2 |  2.0
Dodging        | |  2.1
Spellcasting   | |  1.0
Hexes          | |  2.0

Action                     |  1- 3 |  4- 6 || total
---------------------------+-------+-------++-------
   Fire: Sling             |   110 |    31 ||   141
    Use: Scroll            |     3 |       ||     3
 Armour: Robe              |     4 |     2 ||     6
  Dodge: Dodged            |    19 |    13 ||    32

Table legend:
 A = Non-vault XP
 B = Vault XP
 C = Vault XP percentage of total XP
 D = Non-vault monster count
 E = Vault monster count
 F = Vault count percentage of total count
                 A         B        C        D         E       F
            +---------+---------+-------+---------+---------+-------
      Total |      72 |      44 |  37.9 |      31 |       5 |  13.9
            +---------+---------+-------+---------+---------+-------
        D:1 |      31 |       8 |  20.5 |      20 |       4 |  16.7
        D:2 |      41 |      36 |  46.8 |      11 |       1 |   8.3
            +---------+---------+-------+---------+---------+-------
